General information
- name: BNet
- type: Ladder team game (AT/RT)
- host: Battle.net
- saver: bLinn
map: Friends
- players: 8
- length: 51:09
- speed: Fast
- version: 1.21 W3XP
- replay type:

» download(508 KB)
Players
team 1 (winner)
BEAR_AND (
pink | 114 APM | 5843 actions | 51:07)
4 Archmage
2 Blizzard
2 Brilliance Aura
3 Mountain King
2 Storm Bolt
1 Bash
2 Paladin
1 Holy Light
1 Divine Shield
» actions
| Assign group hotkey | 18 | |
| Basic commands | 9 | |
| Build / train | 160 | |
| Enter build submenu | 84 | |
| Enter hero's abilities submenu | 10 | |
| Give item / drop item | 6 | |
| Remove unit from queue | 2 | |
| Right click | 3499 | |
| Select / deselect | 757 | |
| Select group hotkey | 947 | |
| Use ability | 350 | |
5843 total
» units
| Peasant | 33 | |
| Priest | 3 | |
| Sorceress | 3 | |
| Mortar Team | 8 | |
47 total
» upgrades
| Masonry | 3 | |
| Lumber Harvesting | 2 | |
| Magic Sentry | 1 | |
| Gunpowder | 1 | |
| Sorceress Training | 1 | |
| Armor | 1 | |
9 total
» buildings
| Altar of Kings | 4 | |
| Farm | 28 | |
| Lumber Mill | 5 | |
| Scout Tower | 149 | |
| Arcane Tower | 2 | |
| Guard Tower | 72 | |
| Keep | 3 | |
| Castle | 3 | |
| Arcane Sanctum | 2 | |
| Arcane Vault | 2 | |
| Town Hall | 2 | |
| Blacksmith | 1 | |
| Workshop | 2 | |
275 total
» build order
00:09 Altar of Kings
00:12 Farm
00:26 Lumber Mill
00:46 Farm
01:41 Scout Tower
01:45 Scout Tower
02:14 Arcane Tower
02:18 Scout Tower
02:20 Scout Tower
02:21 Guard Tower
02:21 Guard Tower
02:58 Guard Tower
03:00 Scout Tower
03:07 Scout Tower
03:08 Scout Tower
03:33 Guard Tower
03:34 Scout Tower
03:35 Scout Tower
03:37 Guard Tower
03:54 Scout Tower
04:00 Scout Tower
04:01 Scout Tower
04:02 Scout Tower
04:03 Scout Tower
04:09 Farm
04:21 Guard Tower
04:22 Scout Tower
04:22 Scout Tower
04:24 Guard Tower
04:27 Scout Tower
04:29 Scout Tower
04:29 Scout Tower
04:30 Guard Tower
05:05 Guard Tower
05:12 Scout Tower
05:14 Scout Tower
05:20 Guard Tower
05:31 Scout Tower
05:32 Scout Tower
06:00 Guard Tower
07:03 Arcane Tower
07:04 Guard Tower
07:09 Guard Tower
07:12 Scout Tower
07:12 Scout Tower
07:13 Scout Tower
07:14 Scout Tower
07:15 Scout Tower
07:15 Scout Tower
07:16 Scout Tower
07:17 Scout Tower
07:17 Scout Tower
07:42 Keep
07:45 Guard Tower
07:45 Guard Tower
07:46 Guard Tower
07:54 Farm
08:01 Scout Tower
08:02 Scout Tower
08:03 Scout Tower
08:04 Scout Tower
08:05 Scout Tower
08:06 Scout Tower
08:15 Guard Tower
08:20 Guard Tower
08:30 Guard Tower
08:40 Guard Tower
08:41 Guard Tower
08:44 Guard Tower
08:45 Guard Tower
08:57 Guard Tower
09:02 Scout Tower
09:03 Scout Tower
09:03 Scout Tower
09:08 Guard Tower
09:15 Guard Tower
09:45 Scout Tower
09:46 Scout Tower
09:47 Scout Tower
09:48 Scout Tower
09:49 Scout Tower
09:52 Guard Tower
09:52 Guard Tower
10:31 Guard Tower
10:31 Guard Tower
10:43 Guard Tower
10:45 Guard Tower
10:45 Guard Tower
10:54 Guard Tower
11:06 Guard Tower
11:35 Castle
11:35 Castle
11:35 Castle
13:21 Arcane Sanctum
13:22 Guard Tower
13:22 Guard Tower
13:27 Arcane Vault
13:30 Arcane Vault
13:56 Farm
13:58 Farm
13:58 Farm
16:40 Town Hall
16:45 Scout Tower
16:45 Scout Tower
16:46 Scout Tower
16:47 Scout Tower
16:47 Scout Tower
16:52 Scout Tower
16:53 Scout Tower
16:53 Scout Tower
16:54 Scout Tower
16:55 Scout Tower
16:56 Scout Tower
16:57 Scout Tower
16:57 Scout Tower
16:58 Scout Tower
16:59 Scout Tower
17:00 Scout Tower
17:00 Scout Tower
17:02 Scout Tower
17:03 Scout Tower
17:04 Scout Tower
17:50 Guard Tower
17:52 Guard Tower
18:19 Guard Tower
18:19 Guard Tower
18:20 Guard Tower
18:22 Guard Tower
18:22 Guard Tower
18:24 Guard Tower
18:24 Guard Tower
18:24 Guard Tower
19:31 Guard Tower
20:16 Scout Tower
20:17 Scout Tower
20:18 Scout Tower
21:01 Guard Tower
21:02 Scout Tower
21:03 Scout Tower
21:03 Scout Tower
21:04 Scout Tower
21:05 Scout Tower
21:05 Scout Tower
21:06 Scout Tower
21:07 Scout Tower
21:07 Scout Tower
21:08 Scout Tower
21:09 Scout Tower
21:10 Scout Tower
21:14 Guard Tower
21:33 Guard Tower
21:36 Scout Tower
21:37 Scout Tower
21:38 Scout Tower
21:38 Scout Tower
21:39 Scout Tower
21:40 Scout Tower
22:10 Guard Tower
22:49 Guard Tower
22:52 Scout Tower
22:53 Scout Tower
22:54 Scout Tower
22:54 Scout Tower
22:55 Scout Tower
22:57 Guard Tower
23:35 Guard Tower
23:40 Scout Tower
23:41 Scout Tower
23:42 Scout Tower
23:42 Scout Tower
23:43 Scout Tower
23:44 Scout Tower
23:44 Scout Tower
23:59 Guard Tower
24:06 Scout Tower
24:06 Scout Tower
24:07 Scout Tower
24:08 Scout Tower
24:09 Scout Tower
24:09 Scout Tower
24:10 Scout Tower
24:10 Scout Tower
24:11 Scout Tower
24:12 Scout Tower
24:12 Scout Tower
24:13 Scout Tower
24:15 Guard Tower
24:21 Lumber Mill
24:23 Lumber Mill
24:47 Guard Tower
24:50 Scout Tower
24:51 Scout Tower
24:52 Scout Tower
24:55 Scout Tower
24:55 Scout Tower
24:57 Scout Tower
24:59 Scout Tower
25:00 Scout Tower
25:01 Scout Tower
25:01 Scout Tower
25:02 Scout Tower
25:03 Scout Tower
26:11 Guard Tower
26:16 Guard Tower
26:16 Guard Tower
26:17 Guard Tower
26:21 Guard Tower
26:31 Lumber Mill
26:59 Guard Tower
27:18 Guard Tower
27:20 Guard Tower
27:26 Guard Tower
27:26 Guard Tower
27:37 Scout Tower
28:01 Altar of Kings
28:34 Farm
28:35 Farm
28:36 Farm
28:46 Farm
28:47 Farm
28:47 Farm
28:48 Farm
29:36 Farm
29:37 Farm
31:34 Scout Tower
31:35 Scout Tower
31:36 Scout Tower
31:37 Scout Tower
31:37 Scout Tower
31:38 Scout Tower
31:38 Scout Tower
31:39 Scout Tower
31:58 Farm
31:59 Farm
32:00 Farm
32:53 Blacksmith
32:54 Keep
36:00 Workshop
36:01 Workshop
36:03 Arcane Sanctum
36:05 Farm
36:05 Farm
36:05 Farm
36:05 Farm
37:42 Farm
37:43 Farm
37:43 Farm
37:43 Farm
37:58 Altar of Kings
38:01 Altar of Kings
38:34 Farm
42:28 Town Hall
46:33 Scout Tower
46:33 Scout Tower
46:34 Scout Tower
46:35 Scout Tower
46:35 Scout Tower
46:35 Scout Tower
46:36 Scout Tower
46:36 Scout Tower
47:45 Lumber Mill
48:29 Scout Tower
49:39 Guard Tower
49:43 Scout Tower
49:44 Scout Tower
49:45 Scout Tower
49:45 Scout Tower
49:46 Scout Tower
49:46 Scout Tower
49:47 Scout Tower
49:47 Scout Tower
50:32 Keep
» items
| Staff of Sanctuary | 3 | |
| Scroll of Town Portal | 4 | |
| Potion of Divinity | 1 | |
8 total
bLinn (
orange | 108 APM | 5511 actions | 51:09)
7 Tauren Chieftain
3 Shockwave
3 Endurance Aura
1 Reincarnation
5 Pandaren Brewmaster
3 Breath of Fire
2 Drunken Brawler
» actions
| Assign group hotkey | 253 | |
| Basic commands | 2 | |
| Build / train | 96 | |
| ESC pressed | 2 | |
| Enter build submenu | 87 | |
| Enter hero's abilities submenu | 14 | |
| Give item / drop item | 5 | |
| Remove unit from queue | 1 | |
| Right click | 3647 | |
| Select / deselect | 715 | |
| Select group hotkey | 356 | |
| Use ability | 333 | |
5511 total
» units
» upgrades
» buildings
| Altar of Storms | 2 | |
| Orc Burrow | 8 | |
| War Mill | 3 | |
| Watch Tower | 50 | |
| Voodoo Lounge | 3 | |
| Stronghold | 9 | |
| Great Hall | 3 | |
| Beastiary | 6 | |
| Fortress | 2 | |
86 total
» build order
00:03 Altar of Storms
00:12 Orc Burrow
00:58 War Mill
01:40 Orc Burrow
02:27 Watch Tower
02:43 Watch Tower
03:07 Watch Tower
03:13 Voodoo Lounge
03:36 Watch Tower
03:55 Watch Tower
04:11 Watch Tower
04:30 Watch Tower
05:21 Watch Tower
05:22 Watch Tower
05:44 Watch Tower
05:44 Watch Tower
05:54 Watch Tower
05:56 Watch Tower
05:56 Watch Tower
06:28 Watch Tower
06:29 Watch Tower
06:47 Stronghold
06:47 Stronghold
06:47 Stronghold
07:12 Watch Tower
07:16 Watch Tower
07:36 Watch Tower
07:38 Watch Tower
07:49 Orc Burrow
08:40 Watch Tower
08:41 Watch Tower
08:46 Watch Tower
08:49 Watch Tower
08:56 Watch Tower
09:20 Watch Tower
09:21 Watch Tower
10:11 Watch Tower
10:23 Watch Tower
10:28 Watch Tower
10:42 Watch Tower
10:51 Watch Tower
11:13 Watch Tower
12:12 Watch Tower
12:36 Great Hall
12:40 Watch Tower
13:18 Watch Tower
13:19 Watch Tower
13:45 Watch Tower
14:11 Watch Tower
14:35 Watch Tower
15:12 Watch Tower
15:23 Beastiary
16:19 Beastiary
16:21 Watch Tower
16:45 Watch Tower
17:20 Fortress
18:22 Beastiary
18:23 Beastiary
18:26 Watch Tower
18:27 Watch Tower
19:29 Voodoo Lounge
19:35 Watch Tower
19:36 Watch Tower
19:37 Watch Tower
19:38 Watch Tower
21:00 Watch Tower
22:05 War Mill
22:56 Great Hall
24:14 Orc Burrow
28:03 Great Hall
29:11 War Mill
30:02 Orc Burrow
30:03 Orc Burrow
30:06 Orc Burrow
34:18 Altar of Storms
35:35 Stronghold
35:35 Stronghold
35:35 Stronghold
37:19 Orc Burrow
38:13 Beastiary
38:13 Beastiary
41:53 Voodoo Lounge
» items
| Healing Salve | 3 | |
| Lesser Clarity Potion | 5 | |
| Scroll of Speed | 2 | |
| Scroll of Town Portal | 2 | |
| Staff of Sanctuary | 2 | |
| Orb of Lightning | 2 | |
| Potion of Mana | 1 | |
| Robe of the Magi +6 | 1 | |
| Belt of Giant Strength +6 | 1 | |
19 total

»
iggy_the_fisk (
red | 112 APM | 5709 actions | 51:07)
7 Death Knight
3 Death Coil
3 Unholy Aura
1 Animate Dead
6 Lich
3 Frost Nova
2 Frost Armor
1 Death and Decay
4 Pit Lord
2 Rain of Fire
2 Cleaving Attack
» actions
| Assign group hotkey | 184 | |
| Basic commands | 14 | |
| Build / train | 104 | |
| Enter build submenu | 19 | |
| Enter hero's abilities submenu | 18 | |
| Give item / drop item | 3 | |
| Right click | 3327 | |
| Select / deselect | 704 | |
| Select group hotkey | 1095 | |
| Use ability | 241 | |
5709 total
» units
| Acolyte | 10 | |
| Ghoul | 7 | |
| Crypt Fiend | 10 | |
| Obsidian Statue | 5 | |
| Frost Wyrm | 4 | |
| Goblin Zeppelin | 1 | |
37 total
» upgrades
| Burrow | 1 | |
| Creature Attack | 2 | |
| Web | 1 | |
| Destroyer Form | 1 | |
| Ghoul Frenzy | 1 | |
| Freezing Breath | 1 | |
7 total
» buildings
| Crypt | 1 | |
| Altar of Darkness | 1 | |
| Ziggurat | 9 | |
| Tomb of Relics | 1 | |
| Nerubian Tower | 2 | |
| Graveyard | 2 | |
| Halls of the Dead | 4 | |
| Black Citadel | 5 | |
| Slaughterhouse | 1 | |
| Sacrificial Pit | 1 | |
| Boneyard | 2 | |
29 total
» build order
00:07 Crypt
00:12 Altar of Darkness
00:32 Ziggurat
01:21 Tomb of Relics
01:26 Nerubian Tower
02:22 Graveyard
03:50 Ziggurat
03:56 Ziggurat
05:43 Nerubian Tower
06:41 Graveyard
10:08 Halls of the Dead
10:09 Halls of the Dead
10:09 Halls of the Dead
10:09 Halls of the Dead
16:47 Black Citadel
16:47 Black Citadel
16:47 Black Citadel
16:47 Black Citadel
18:00 Slaughterhouse
19:44 Ziggurat
32:07 Sacrificial Pit
32:47 Ziggurat
32:52 Ziggurat
32:53 Ziggurat
32:54 Ziggurat
35:25 Boneyard
35:27 Boneyard
37:44 Ziggurat
» items
| Rod of Necromancy | 3 | |
| Potion of Healing | 9 | |
| Potion of Mana | 1 | |
| Scroll of Regeneration | 2 | |
| Lesser Clarity Potion | 2 | |
| Staff of Sanctuary | 3 | |
| Orb of Corruption | 3 | |
| Potion of Restoration | 1 | |
| Scroll of Town Portal | 5 | |
29 total
TIMG4STRok (
blue | 80 APM | 4081 actions | 51:07)
5 Archmage
3 Blizzard
2 Brilliance Aura
1 Beastmaster
1 Summon Quilbeast
4 Pandaren Brewmaster
2 Breath of Fire
2 Drunken Haze
» actions
| Assign group hotkey | 15 | |
| Basic commands | 58 | |
| Build / train | 151 | |
| ESC pressed | 6 | |
| Enter build submenu | 124 | |
| Enter hero's abilities submenu | 10 | |
| Right click | 1941 | |
| Select / deselect | 497 | |
| Select group hotkey | 771 | |
| Use ability | 508 | |
4081 total
» units
| Peasant | 36 | |
| Dragonhawk Rider | 9 | |
45 total
» upgrades
| Masonry | 3 | |
| Magic Sentry | 1 | |
| Lumber Harvesting | 2 | |
| Cloud | 1 | |
| Armor | 3 | |
| Animal War Training | 1 | |
| Swords | 2 | |
13 total
» buildings
| Altar of Kings | 1 | |
| Farm | 15 | |
| Lumber Mill | 1 | |
| Scout Tower | 264 | |
| Arcane Tower | 4 | |
| Guard Tower | 65 | |
| Keep | 1 | |
| Town Hall | 1 | |
| Arcane Sanctum | 1 | |
| Arcane Vault | 3 | |
| Castle | 1 | |
| Blacksmith | 1 | |
| Gryphon Aviary | 2 | |
| Barracks | 1 | |
361 total
» build order
00:13 Altar of Kings
00:18 Farm
00:34 Lumber Mill
01:00 Farm
01:25 Scout Tower
01:42 Scout Tower
01:53 Scout Tower
01:58 Arcane Tower
02:33 Guard Tower
02:36 Scout Tower
02:47 Arcane Tower
02:48 Scout Tower
02:58 Scout Tower
03:02 Farm
03:05 Guard Tower
03:08 Scout Tower
03:10 Scout Tower
03:41 Guard Tower
03:43 Scout Tower
03:44 Scout Tower
03:45 Scout Tower
03:46 Scout Tower
03:51 Guard Tower
03:55 Scout Tower
03:59 Scout Tower
04:00 Scout Tower
04:03 Scout Tower
04:03 Scout Tower
04:05 Scout Tower
04:06 Scout Tower
04:07 Scout Tower
04:18 Guard Tower
05:04 Guard Tower
05:23 Scout Tower
05:24 Scout Tower
05:24 Scout Tower
05:25 Scout Tower
05:31 Guard Tower
05:43 Scout Tower
05:43 Scout Tower
05:44 Scout Tower
05:44 Scout Tower
05:45 Scout Tower
05:46 Scout Tower
05:55 Guard Tower
06:20 Guard Tower
06:48 Guard Tower
07:08 Scout Tower
07:10 Scout Tower
07:20 Scout Tower
07:20 Scout Tower
07:22 Scout Tower
07:30 Guard Tower
07:31 Scout Tower
07:35 Scout Tower
07:36 Scout Tower
07:36 Scout Tower
07:37 Scout Tower
07:38 Scout Tower
07:38 Scout Tower
08:13 Guard Tower
08:19 Scout Tower
08:24 Scout Tower
08:25 Scout Tower
08:26 Scout Tower
08:26 Scout Tower
08:28 Scout Tower
08:29 Scout Tower
08:35 Keep
08:40 Guard Tower
08:40 Guard Tower
09:00 Guard Tower
09:06 Guard Tower
09:21 Scout Tower
09:23 Scout Tower
09:23 Scout Tower
09:24 Scout Tower
09:25 Scout Tower
09:26 Scout Tower
09:27 Scout Tower
09:44 Scout Tower
09:45 Scout Tower
09:46 Scout Tower
09:46 Scout Tower
11:09 Town Hall
11:15 Scout Tower
11:16 Scout Tower
11:17 Scout Tower
11:17 Scout Tower
11:18 Scout Tower
11:19 Scout Tower
11:24 Guard Tower
11:37 Guard Tower
12:41 Arcane Sanctum
13:08 Scout Tower
13:09 Scout Tower
13:11 Scout Tower
13:25 Guard Tower
13:44 Arcane Tower
13:56 Guard Tower
14:01 Scout Tower
14:02 Scout Tower
14:03 Scout Tower
14:07 Guard Tower
14:21 Guard Tower
14:50 Guard Tower
14:54 Scout Tower
14:55 Scout Tower
14:56 Scout Tower
15:15 Arcane Vault
15:18 Guard Tower
15:21 Guard Tower
15:38 Guard Tower
15:51 Guard Tower
16:26 Scout Tower
16:27 Scout Tower
16:27 Scout Tower
16:28 Scout Tower
16:28 Scout Tower
16:29 Scout Tower
16:30 Scout Tower
16:31 Scout Tower
16:34 Castle
16:42 Guard Tower
16:43 Scout Tower
16:44 Scout Tower
16:53 Scout Tower
16:53 Scout Tower
16:54 Scout Tower
16:55 Scout Tower
18:13 Guard Tower
18:15 Arcane Vault
18:16 Guard Tower
18:21 Scout Tower
18:22 Scout Tower
18:23 Scout Tower
18:24 Scout Tower
18:25 Scout Tower
18:25 Scout Tower
18:26 Scout Tower
18:27 Scout Tower
19:18 Guard Tower
19:32 Scout Tower
19:36 Scout Tower
19:37 Scout Tower
19:38 Scout Tower
19:38 Scout Tower
19:40 Scout Tower
19:41 Scout Tower
19:42 Scout Tower
19:43 Scout Tower
19:44 Scout Tower
20:01 Scout Tower
20:05 Guard Tower
20:23 Guard Tower
20:35 Guard Tower
22:36 Blacksmith
22:41 Scout Tower
22:42 Scout Tower
22:43 Scout Tower
22:44 Scout Tower
22:45 Scout Tower
22:48 Guard Tower
22:53 Guard Tower
22:57 Scout Tower
22:59 Scout Tower
23:03 Scout Tower
23:04 Scout Tower
23:05 Scout Tower
23:05 Scout Tower
23:09 Scout Tower
23:10 Scout Tower
25:42 Scout Tower
25:42 Scout Tower
25:43 Scout Tower
25:44 Scout Tower
25:45 Scout Tower
25:45 Scout Tower
25:47 Scout Tower
25:48 Scout Tower
25:49 Scout Tower
25:50 Scout Tower
26:23 Guard Tower
26:28 Farm
26:29 Farm
26:30 Farm
26:32 Farm
26:34 Guard Tower
26:38 Scout Tower
26:40 Scout Tower
26:42 Scout Tower
26:44 Scout Tower
26:44 Scout Tower
26:45 Scout Tower
26:49 Scout Tower
26:51 Scout Tower
27:07 Gryphon Aviary
27:07 Gryphon Aviary
27:09 Barracks
29:38 Guard Tower
30:01 Guard Tower
30:07 Scout Tower
30:08 Scout Tower
30:09 Scout Tower
30:10 Scout Tower
30:11 Scout Tower
30:12 Scout Tower
30:20 Scout Tower
30:21 Scout Tower
30:21 Scout Tower
30:22 Scout Tower
30:22 Scout Tower
30:23 Scout Tower
30:24 Scout Tower
30:25 Scout Tower
30:26 Scout Tower
30:27 Scout Tower
30:27 Scout Tower
30:32 Farm
30:33 Farm
30:34 Farm
30:34 Farm
30:35 Farm
30:35 Farm
30:36 Farm
30:37 Farm
30:47 Guard Tower
31:16 Guard Tower
31:54 Scout Tower
31:55 Scout Tower
31:56 Scout Tower
31:57 Scout Tower
31:58 Scout Tower
31:58 Scout Tower
31:59 Scout Tower
31:59 Scout Tower
32:35 Guard Tower
32:37 Guard Tower
34:52 Arcane Vault
35:13 Guard Tower
35:15 Scout Tower
35:16 Scout Tower
35:17 Scout Tower
35:18 Scout Tower
35:18 Scout Tower
35:19 Scout Tower
35:22 Guard Tower
35:26 Scout Tower
35:26 Scout Tower
35:29 Scout Tower
35:32 Scout Tower
35:32 Scout Tower
35:33 Scout Tower
35:33 Scout Tower
35:35 Scout Tower
35:35 Scout Tower
35:36 Scout Tower
36:02 Scout Tower
36:02 Scout Tower
36:03 Scout Tower
36:03 Scout Tower
36:04 Scout Tower
36:05 Scout Tower
36:06 Scout Tower
36:06 Scout Tower
36:07 Scout Tower
36:08 Scout Tower
36:09 Scout Tower
36:09 Scout Tower
36:10 Scout Tower
36:12 Scout Tower
37:22 Guard Tower
37:28 Scout Tower
37:29 Scout Tower
37:30 Scout Tower
37:31 Scout Tower
37:32 Scout Tower
37:33 Scout Tower
37:36 Scout Tower
37:36 Scout Tower
37:37 Scout Tower
37:38 Scout Tower
37:39 Scout Tower
37:39 Scout Tower
37:41 Scout Tower
37:41 Scout Tower
37:42 Scout Tower
37:45 Guard Tower
37:47 Guard Tower
37:56 Guard Tower
38:02 Scout Tower
38:03 Scout Tower
38:04 Scout Tower
38:05 Scout Tower
38:07 Scout Tower
38:08 Scout Tower
38:08 Scout Tower
38:09 Scout Tower
38:10 Scout Tower
38:12 Scout Tower
38:13 Scout Tower
38:14 Scout Tower
38:15 Scout Tower
38:17 Scout Tower
38:18 Scout Tower
38:19 Scout Tower
38:19 Scout Tower
38:34 Guard Tower
38:41 Guard Tower
39:01 Guard Tower
39:18 Guard Tower
39:33 Guard Tower
40:20 Guard Tower
41:06 Guard Tower
43:32 Guard Tower
43:35 Scout Tower
43:36 Scout Tower
43:36 Scout Tower
43:37 Scout Tower
43:38 Scout Tower
43:39 Scout Tower
43:39 Scout Tower
43:40 Scout Tower
43:41 Scout Tower
43:41 Scout Tower
43:42 Scout Tower
43:43 Scout Tower
43:44 Scout Tower
43:44 Scout Tower
43:45 Scout Tower
43:45 Scout Tower
43:46 Scout Tower
43:47 Scout Tower
43:47 Scout Tower
43:48 Scout Tower
43:49 Scout Tower
43:49 Scout Tower
43:50 Scout Tower
43:51 Scout Tower
43:52 Scout Tower
43:52 Scout Tower
43:53 Scout Tower
43:54 Scout Tower
43:54 Scout Tower
43:56 Scout Tower
43:56 Scout Tower
43:57 Scout Tower
43:57 Scout Tower
43:58 Scout Tower
43:58 Scout Tower
44:19 Guard Tower
44:32 Guard Tower
45:58 Guard Tower
48:16 Guard Tower
48:19 Guard Tower
49:27 Scout Tower
49:27 Scout Tower
49:58 Guard Tower
50:00 Scout Tower
50:02 Guard Tower
» items
| Staff of Sanctuary | 4 | |
| Orb of Corruption | 1 | |
| Scroll of Town Portal | 1 | |
| Scroll of Regeneration | 2 | |
8 total
team 2 (loser)
iMassTangoes (
green | 57 APM | 2594 actions | 45:10)
6 Far Seer
3 Feral Spirit
2 Chain Lighting
1 Earth Quake
» actions
| Assign group hotkey | 42 | |
| Basic commands | 2 | |
| Build / train | 60 | |
| Enter build submenu | 22 | |
| Enter hero's abilities submenu | 6 | |
| Remove unit from queue | 2 | |
| Right click | 1846 | |
| Select / deselect | 323 | |
| Select group hotkey | 225 | |
| Use ability | 66 | |
2594 total
» units
| Peon | 9 | |
| Grunt | 6 | |
| Demolisher | 3 | |
| Troll Headhunter/Berserker | 1 | |
| Tauren | 11 | |
| Shaman | 4 | |
| Troll Witch Doctor | 7 | |
41 total
» upgrades
| Shaman Training | 2 | |
| Witch Doctor Training | 2 | |
| Pulverize | 1 | |
| Melee Weapons | 1 | |
| Armor | 1 | |
7 total
» buildings
| Altar of Storms | 1 | |
| Orc Burrow | 11 | |
| Barracks | 1 | |
| Voodoo Lounge | 1 | |
| War Mill | 1 | |
| Stronghold | 1 | |
| Fortress | 1 | |
| Spirit Lodge | 2 | |
| Tauren Totem | 2 | |
21 total
» build order
00:08 Altar of Storms
00:11 Orc Burrow
00:35 Barracks
01:40 Orc Burrow
02:20 Voodoo Lounge
02:58 War Mill
04:03 Stronghold
04:06 Orc Burrow
06:29 Fortress
07:48 Orc Burrow
08:35 Orc Burrow
09:06 Spirit Lodge
09:09 Spirit Lodge
09:54 Tauren Totem
09:58 Tauren Totem
12:30 Orc Burrow
13:27 Orc Burrow
15:01 Orc Burrow
16:37 Orc Burrow
23:28 Orc Burrow
23:32 Orc Burrow
» items
KirByisPINK (
yellow | 44 APM | 2239 actions | 51:06)
5 Far Seer
3 Feral Spirit
2 Chain Lighting
4 Shadow Hunter
2 Healing Wave
2 Hex
» actions
| Assign group hotkey | 5 | |
| Basic commands | 38 | |
| Build / train | 75 | |
| Enter build submenu | 24 | |
| Enter hero's abilities submenu | 9 | |
| Remove unit from queue | 4 | |
| Right click | 1443 | |
| Select / deselect | 558 | |
| Select group hotkey | 10 | |
| Use ability | 73 | |
2239 total
» units
| Peon | 13 | |
| Grunt | 9 | |
| Demolisher | 20 | |
| Troll Batrider | 6 | |
48 total
» upgrades
| Berserker Strength | 1 | |
| Ranged Weapons | 3 | |
| Burning Oil | 1 | |
| Armor | 2 | |
| Liquid Fire | 1 | |
8 total
» buildings
| Altar of Storms | 1 | |
| Orc Burrow | 8 | |
| Barracks | 3 | |
| War Mill | 1 | |
| Stronghold | 1 | |
| Fortress | 1 | |
| Great Hall | 2 | |
| Beastiary | 3 | |
| Voodoo Lounge | 1 | |
| Watch Tower | 1 | |
22 total
» build order
00:18 Altar of Storms
00:20 Orc Burrow
00:35 Barracks
01:39 Orc Burrow
02:12 War Mill
03:36 Orc Burrow
04:04 Stronghold
07:10 Barracks
07:13 Fortress
07:57 Orc Burrow
09:19 Orc Burrow
16:55 Barracks
18:29 Orc Burrow
18:32 Orc Burrow
18:36 Orc Burrow
30:04 Great Hall
31:31 Great Hall
42:42 Beastiary
42:47 Beastiary
42:52 Beastiary
44:00 Voodoo Lounge
44:29 Watch Tower
» items

»
PsychoAzian (
purple | 52 APM | 2655 actions | 51:02)
8 Far Seer
3 Feral Spirit
3 Chain Lighting
1 Earth Quake
1 Far Sight
6 Shadow Hunter
3 Healing Wave
2 Hex
1 Big Bad Voodoo
» actions
| Assign group hotkey | 72 | |
| Basic commands | 131 | |
| Build / train | 160 | |
| Enter build submenu | 16 | |
| Enter hero's abilities submenu | 15 | |
| Remove unit from queue | 1 | |
| Right click | 920 | |
| Select / deselect | 768 | |
| Select group hotkey | 420 | |
| Use ability | 152 | |
2655 total
» units
| Peon | 13 | |
| Grunt | 1 | |
| Troll Headhunter/Berserker | 26 | |
| Demolisher | 18 | |
| Spirit Walker | 2 | |
| Troll Witch Doctor | 27 | |
| Tauren | 28 | |
115 total
» upgrades
| Witch Doctor Training | 2 | |
| Troll Regeneration | 1 | |
| Berserker Upgrade | 1 | |
| Ranged Weapons | 3 | |
| Armor | 3 | |
| Pulverize | 1 | |
| Burning Oil | 1 | |
| Melee Weapons | 3 | |
| Spiked Barricades | 2 | |
| Reinforced Defenses | 1 | |
18 total
» buildings
| Altar of Storms | 1 | |
| Orc Burrow | 7 | |
| Barracks | 1 | |
| Voodoo Lounge | 1 | |
| War Mill | 2 | |
| Stronghold | 1 | |
| Spirit Lodge | 1 | |
| Fortress | 1 | |
| Tauren Totem | 1 | |
| Great Hall | 1 | |
17 total
» build order
00:08 Altar of Storms
00:23 Orc Burrow
00:56 Barracks
01:42 Orc Burrow
02:05 Voodoo Lounge
02:31 War Mill
03:58 Stronghold
05:31 Orc Burrow
07:38 Spirit Lodge
07:50 Orc Burrow
09:31 Fortress
10:30 Orc Burrow
13:57 Tauren Totem
15:09 Orc Burrow
19:25 Orc Burrow
26:36 Great Hall
49:47 War Mill
» items
| Healing Salve | 1 | |
| Lesser Clarity Potion | 1 | |
| Scroll of Town Portal | 2 | |
| Potion of Healing | 3 | |
| Potion of Mana | 1 | |
8 total

»
psychotwin (
teal | 118 APM | 6030 actions | 51:02)
8 Death Knight
3 Death Coil
3 Unholy Aura
1 Animate Dead
1 Death Pact
7 Lich
3 Frost Nova
3 Dark Ritual
1 Death and Decay
5 Dreadlord
3 Sleep
2 Carrion Swarm
» actions
| Assign group hotkey | 46 | |
| Basic commands | 292 | |
| Build / train | 146 | |
| Enter build submenu | 24 | |
| Enter hero's abilities submenu | 20 | |
| Give item / drop item | 7 | |
| Remove unit from queue | 4 | |
| Right click | 2793 | |
| Select / deselect | 1061 | |
| Select group hotkey | 1368 | |
| Use ability | 269 | |
6030 total
» units
| Acolyte | 19 | |
| Ghoul | 13 | |
| Crypt Fiend | 2 | |
| Goblin Zeppelin | 1 | |
| Gargoyle | 11 | |
| Goblin Shredder | 1 | |
| Goblin Sapper | 5 | |
| Frost Wyrm | 13 | |
| Obsidian Statue | 3 | |
68 total
» upgrades
| Freezing Breath | 1 | |
| Creature Attack | 3 | |
| Creature Carapace | 1 | |
| Web | 1 | |
6 total
» buildings
| Crypt | 1 | |
| Altar of Darkness | 1 | |
| Ziggurat | 9 | |
| Graveyard | 1 | |
| Tomb of Relics | 1 | |
| Nerubian Tower | 1 | |
| Halls of the Dead | 2 | |
| Spirit Tower | 2 | |
| Black Citadel | 2 | |
| Sacrificial Pit | 1 | |
| Boneyard | 2 | |
| Slaughterhouse | 1 | |
| Necropolis | 1 | |
25 total
» build order
00:15 Crypt
00:18 Altar of Darkness
00:38 Ziggurat
01:05 Graveyard
01:34 Tomb of Relics
02:11 Ziggurat
03:05 Nerubian Tower
04:05 Halls of the Dead
05:54 Spirit Tower
07:33 Halls of the Dead
07:48 Ziggurat
09:19 Ziggurat
11:44 Black Citadel
11:44 Black Citadel
13:04 Sacrificial Pit
14:17 Boneyard
14:18 Boneyard
15:25 Ziggurat
16:09 Ziggurat
18:37 Ziggurat
20:24 Slaughterhouse
26:21 Ziggurat
26:22 Ziggurat
43:13 Necropolis
43:20 Spirit Tower
46:03 Halls of the Dead
» items
| Lesser Clarity Potion | 7 | |
| Rod of Necromancy | 4 | |
| Scroll of Speed | 4 | |
| Scroll of Healing | 4 | |
| Scroll of Town Portal | 1 | |
| Potion of Healing | 6 | |
| Sacrificial Skull | 1 | |
| Orb of Corruption | 1 | |
| Potion of Mana | 4 | |
| Orb of Lightning | 2 | |
| Healing Salve | 1 | |
35 total
Chat log
(00:17 / All) iggy_the_fisk: freunde hey you
(00:19 / All) iggy_the_fisk: freunde hey you
(00:21 / All) iggy_the_fisk: hey freunde
(00:29 / All) TIMG4STRok: hej...
(00:32 / All) BEAR_AND: i aem iron man
(00:35 / All) iggy_the_fisk: freunde hey you
(00:37 / All) iggy_the_fisk: freundehey you
(00:40 / All) iggy_the_fisk: hey freunde
(00:42 / All) bLinn: something something something something
(00:43 / All) bLinn: iron man
(00:58 / All) iggy_the_fisk: kom reisine mit mir
(01:01 / All) iggy_the_fisk: zum fjärran länder
(01:03 / All) BEAR_AND: from?
(01:05 / All) TIMG4STRok: is he live or dead....
(01:05 / All) iggy_the_fisk: wir greifen der freihet
(01:10 / All) iggy_the_fisk: mit füsse und händer
(01:14 / All) TIMG4STRok: fuck he a nazi
(01:16 / All) BEAR_AND: should i stay or should i go now
(01:16 / All) TIMG4STRok: run..
(01:42 / All) iggy_the_fisk: freunde hey you
(01:46 / All) iggy_the_fisk: freunde hey you
(01:49 / All) iggy_the_fisk: hey freunde
(02:00 / All) iggy_the_fisk: you bist min bruder my sister my wife
(02:08 / All) iggy_the_fisk: du mist my freunde mein freunde for life
(03:29 / Allies) bLinn: curses & purses
(05:40 / All) psychotwin: wwow gosu
(06:56 / All) iggy_the_fisk: damn noobs
(11:29 / Allies) TIMG4STRok: mc cummings
(11:34 / Allies) TIMG4STRok: IM mc CUMMINGs
(15:48 / All) TIMG4STRok: wroth it NOT
(25:58 / All) psychotwin: HAU
(37:49 / All) BEAR_AND: morters
(39:24 / Allies) TIMG4STRok: odear
(39:25 / Allies) TIMG4STRok: oder
(45:16 / All) BEAR_AND: ???????????????????????????????????????????????????????????????????????????????????????????????
(45:20 / All) psychotwin: newbs
(45:24 / All) psychotwin: you mass towered
(45:26 / All) BEAR_AND: bye
(45:28 / All) TIMG4STRok: rofles
(45:31 / All) BEAR_AND: bye
(45:32 / All) iggy_the_fisk: you mass newbed
(45:32 / All) BEAR_AND: bye
(45:33 / All) BEAR_AND: bye
(45:33 / All) iggy_the_fisk: real dumb
(45:36 / All) BEAR_AND: shit NOOBS
(45:37 / All) psychotwin: rly...
(45:38 / All) iggy_the_fisk: why u dont play good noobnoob
(45:46 / All) BEAR_AND: bitch fingers no micro
(45:47 / All) psychotwin: INTERNET THUG INC
(45:54 / All) BEAR_AND: nah clan towa
(45:58 / All) BEAR_AND: http://highper.ch/.
(46:00 / All) bLinn: Clan Towa, Incorporated bitch
(46:01 / All) bLinn: here's my card
(46:07 / All) iggy_the_fisk: suck my diiick
(46:41 / All) iggy_the_fisk: how it feel to get owned...
(47:39 / All) TIMG4STRok: suckle
(48:22 / All) psychotwin: lol red... nice try
(48:24 / All) TIMG4STRok: epic phail...
(48:33 / All) iggy_the_fisk: man why u so noob lmfao
(48:40 / All) TIMG4STRok: run purple u gonna get owned
(48:48 / All) psychotwin: need to be at that level for you guys so you think you're good
(48:49 / All) TIMG4STRok: flee posthaste
(49:10 / All) iggy_the_fisk: thanks for the free win we really needed it
(49:14 / All) iggy_the_fisk: not easy to get a win 4 us
(49:30 / All) bLinn: pranked & anne franked
(49:32 / All) BEAR_AND: most people know how to beat towers....
(49:35 / Allies) iggy_the_fisk: lumboo
(50:43 / All) iggy_the_fisk: damn you guys arent very good???
(51:04 / All) BEAR_AND: GOP
(51:06 / All) TIMG4STRok: leave